 Dungeon Sprint DCSS version 0.23.1 (webtiles) character file.

Game seed: 993681647233171995

132 nuthulu the Blocker (level 7, 0/51 HPs)
             Began as a Gargoyle Fighter on Mar 15, 2019.
             Was a High Priest of Qazlal.
             Killed by divine providence
             ... invoked by an orc priest
              (14 damage)
             ... in the Dungeon (Sprint VI: "Thunderdome").
             The game lasted 00:02:51 (559 turns).

nuthulu the Blocker (Gargoyle Fighter)               Turns: 559, Time: 00:02:52

Health: 0/51       AC: 15    Str: 19    XL:     7   Next: 51%
Magic:  12/12      EV:  8    Int: 14    God:    Qazlal [*****.]
Gold:   265        SH: 18    Dex: 12    Spells: 6/6 levels left

rFire    + . .     SeeInvis +   a - +0 flail
rCold    . . .     Gourm    .   c - +0 shield
rNeg     + + .     Faith    +   b - +0 scale mail
rPois    ∞         Spirit   .   (no helmet)
rElec    +         Reflect  .   (no cloak)
rCorr    .         Harm     .   (no gloves)
MR       .....     NoTele   +   (no boots)
Stlth    ..........             r - amulet "Uqiff" {Faith rF+ rN+ MR-}
HPRegen  0.17/turn              p - ring "Tuzuikax" {rPois Int+6 Dex+3}
MPRegen  0.13/turn              q - ring "Ytourph" {Str-3 SInv} (curse)

@: protected from physical damage, repel missiles
A: negative energy resistance 1, electricity resistance, unbreathing,
petrification resistance, rot immunity, AC +4
a: Upheaval, Elemental Force, Disaster Area, Renounce Religion


You were in the Dungeon.
You worshipped Qazlal.
Qazlal was extremely pleased with you.
You were not hungry.

You visited 1 branch You collected 400 gold pieces.
You spent 135 gold pieces at shops.

Inventory:

Hand Weapons
 a - a +0 flail (weapon)
Armour
 b - a +0 scale mail (worn)
 c - a +0 shield (worn)
Jewellery
 p - the ring "Tuzuikax" (left hand) {rPois Int+6 Dex+3}
   (You bought it in a shop in the Dungeon)

   [ring of poison resistance]

   It affects your intelligence (+6).
   It affects your dexterity (+3).
   It protects you from poison.
 q - the cursed ring "Ytourph" (right hand) {Str-3 SInv}
   (You bought it in a shop in the Dungeon)

   [ring of strength]

   It affects your strength (-3).
   It lets you see invisible.
   It has a curse placed upon it.
 r - the amulet "Uqiff" (around neck) {Faith rF+ rN+ MR-}
   (You bought it in a shop in the Dungeon)

   [amulet of faith]

   It allows you to gain divine favour quickly.
   It protects you from fire.
   It protects you from negative energy.
   It affects your resistance to hostile enchantments.
Wands
 l - a wand of acid (5)
 m - a wand of iceblast (5)
Scrolls
 k - 4 scrolls of blinking
 n - 3 scrolls of fog
Potions
 e - a potion of curing
 g - 2 potions of heal wounds
 h - 4 potions of haste
 i - 2 potions of magic
 j - a potion of berserk rage
 o - a potion of resistance
Comestibles
 d - 7 chunks of flesh
 f - a ration


   Skills:
 + Level 9.3 Fighting
 + Level 8.2 Maces & Flails
 - Level 5.4 Armour
 + Level 9.3 Shields
 + Level 7.3 Invocations


You had 6 spell levels left.
You didn't know any spells.
Your spell library was empty.

Dungeon Overview and Level Annotations

Branches:
Dungeon (1/1)

Altars:
Cheibriados
Dithmenos
Fedhas
Gozag
Kikubaaqudgha
Makhleb
Okawaru
Qazlal
Ru
Sif Muna
Trog
Uskayaw
Vehumet
Wu Jian
Xom
Yredelemnul
Zin
The Shining One
Beogh
Jiyva
Lugonu

Shops:
D *[%??*?*:[((!!!!


Innate Abilities, Weirdness & Mutations

You are resistant to torment.
Your stone body is resilient. (AC +4)
You are immune to poison.
You resist negative energy. (rN+)
You are resistant to electric shocks. (rElec)
You can survive without breathing.
You are immune to petrification.
You are immune to rotting.


Message History

The orc priest shouts!
An orc priest comes into view. It is wielding a -2 trident.
The orc priest shouts!
The orc priest hits you but does no damage.
You thump the orc priest!
The orc priest is heavily wounded.
The orc priest looks encouraged for a moment.
Your shield and scale mail prevent you from hitting the orc priest.
The orc priest is heavily wounded.
An orc priest comes into view. It is wielding a +0 short sword.
The orc priest shouts!
The orc priest barely misses you.
You hit the orc priest but do no damage.
The orc priest is heavily wounded.
The orc priest hits you with a +0 mace.
* * * LOW HITPOINT WARNING * * *
You feel protected from physical attacks.
The orc priest invokes the aid of Beogh against you.
Beogh smites you!
You die...

#_......._#
#_......._#
#.........###
.........))§#
8[........8.######
†)[.###.......__∩##
..8.# #.8.....○..☼###
....###...........°.##
.###...###.....o@o..⌠#
.# #.<.# #........).§#
.###...###....°§°.o.§#
....###.............##
..8.# #÷8........∩###
....###......_._∩##
8.........8.######
...........o#
#÷........###


You could see 4 orc priests.

Vanquished Creatures
  A water moccasin (D)
  2 wolves (D)
  2 gnoll sergeants (D)
  2 jellies (D)
  3 orc priests (D)
  A gnoll shaman (D)
  3 adders (D)
  3 oozes (D)
  A ball python (D)
18 creatures vanquished.

Vanquished Creatures (collateral kills)
  A gnoll sergeant (D)
1 creature vanquished.

Grand Total: 19 creatures vanquished

Notes
Turn   | Place    | Note
-------+----------+-------------------------------------------
     0 | D        | nuthulu the Gargoyle Fighter began the quest for the Orb.
     0 | D        | Reached XP level 1. HP: 14/14 MP: 1/1
     1 | D        | Found a glowing golden altar of the Shining One.
     1 | D        | Found an iron altar of Okawaru.
     2 | D        | Found a shimmering altar of Xom.
     2 | D        | Found a snail-covered altar of Cheibriados.
     3 | D        | Found a corrupted altar of Lugonu.
     3 | D        | Found a radiant altar of Vehumet.
     4 | D        | Found Gingepsun's Delicious Food.
     4 | D        | Found a stormy altar of Qazlal.
     4 | D        | Found a viscous altar of Jiyva.
     4 | D        | Found Viudoamy's Identification Station.
     5 | D        | Found Nurink's Jewellery.
     5 | D        | Found Ezan's Advanced Armour.
     5 | D        | Round 1.
    13 | D        | Bought a transparent lead ring for 45 gold pieces
    13 | D        | Bought a shimmering steel ring for 45 gold pieces
    13 | D        | Bought a heavily runed ivory amulet for 45 gold pieces
    13 | D        | Identified the ring "Tuzuikax" {rPois Int+6 Dex+3} (You
                  | bought it in a shop in the Dungeon)
    14 | D        | Identified the cursed ring "Ytourph" {Str-3 SInv} (You
                  | bought it in a shop in the Dungeon)
    15 | D        | Identified the amulet "Uqiff" {Faith rF+ rN+ MR-} (You
                  | bought it in a shop in the Dungeon)
    19 | D        | Found a sacrificial altar of Ru.
    23 | D        | Became a worshipper of Qazlal Stormbringer
    28 | D        | Found an ornate altar of the Wu Jian Council.
    33 | D        | Found an ancient bone altar of Kikubaaqudgha.
    34 | D        | Found Mymiv's Magic Scroll Shop.
    35 | D        | Found a glowing silver altar of Zin.
    35 | D        | Found a bloodstained altar of Trog.
    35 | D        | Found a deep blue altar of Sif Muna.
    35 | D        | Found Nuef's Staff Store.
    35 | D        | Found Fisam's Magic Scroll Shop.
    35 | D        | Found Wittemu's Must-Have Magic.
    41 | D        | Found a shadowy altar of Dithmenos.
    42 | D        | Found an opulent altar of Gozag.
    43 | D        | Found Rayskut's Distillery.
    45 | D        | Found Nasodo's Distillery.
    45 | D        | Found Ythenukk's Bottled Wisdom.
    45 | D        | Found a roughly hewn altar of Beogh.
    45 | D        | Found a blossoming altar of Fedhas.
    45 | D        | Found Mekh's Do-It-Yourself Clinic.
    49 | D        | Found a basalt altar of Yredelemnul.
    51 | D        | Found a burning altar of Makhleb.
    53 | D        | Found Daxzea's Weapon Rack.
    55 | D        | Found a hide-covered altar of Uskayaw.
    55 | D        | Found Sostayqu's Premium Goods.
    55 | D        | Found Osux's Basic Armour.
    55 | D        | Found Puviff's Miscellaneous Merchandise.
   117 | D        | Reached * piety under Qazlal
   117 | D        | Reached XP level 2. HP: 12/20 MP: 2/2
   127 | D        | Reached XP level 3. HP: 9/25 MP: 3/3
   140 | D        | Reached skill level 5 in Fighting
   140 | D        | Reached skill level 5 in Armour
   140 | D        | Reached skill level 5 in Shields
   140 | D        | Reached XP level 4. HP: 6/31 MP: 4/4
   150 | D        | Reached ** piety under Qazlal
   150 | D        | Arena points: 12 (+12) [x2]
   210 | D        | Round 2.
   273 | D        | Noticed a water moccasin
   274 | D        | Reached *** piety under Qazlal
   274 | D        | Reached skill level 1 in Invocations
   288 | D        | Killed a water moccasin
   288 | D        | Reached skill level 5 in Maces & Flails
   288 | D        | Reached XP level 5. HP: 35/38 MP: 5/8
   330 | D        | Arena points: 48 (+36) [x3]
   378 | D        | Round 3.
   382 | D        | Noticed a wolf
   382 | D        | Noticed a wolf
   392 | D        | Killed a wolf
   392 | D        | Reached skill level 5 in Invocations
   392 | D        | Reached XP level 6. HP: 37/44 MP: 2/9
   397 | D        | Reached **** piety under Qazlal
   409 | D        | Reached XP level 7. HP: 25/50 MP: 4/11
   415 | D        | Arena points: 132 (+84) [x4]
   456 | D        | Round 4.
   467 | D        | Reached ***** piety under Qazlal
   559 | D        | Killed from afar by an orc priest

Skill      XL: |  1  2  3  4  5  6  7 |
---------------+----------------------+-----
Fighting       | 4 5 7 8 9 |  9.3
Armour         | 4 5 |  5.4
Shields        | 4 5 7 8 9 |  9.3
Maces & Flails | 3 4 5 6 7 8 |  8.2
Invocations    | 4 5 6 7 |  7.3

Action                   |  1- 3 |  4- 6 |  7- 9 || total
-------------------------+-------+-------+-------++-------
Melee: Flail             |    14 |    48 |    32 ||    94
Invok: Elemental Force   |       |     1 |       ||     1
  Use: Potion            |       |     3 |       ||     3
Armor: Scale mail        |     5 |    28 |     7 ||    40
Dodge: Dodged            |     3 |    18 |     6 ||    27
Block: Shield            |     7 |    57 |    15 ||    79
